Map: Orbital Shipyard

Players

sothea

  • Race: Terran Terran
  • League: Platinum

MorN - Winner!

  • Race: Terran Terran
  • League: Platinum

VOD

Have the link to the VOD?

Description

Time

  • Played on: Nov. 12, 2015, 4:55 p.m.
  • Length: 14:28
Show
View Real Time Build Order
Export as new Build Order

sothea Terran 

Build Orders:  

Get SALT Encoding   

  12  0:06  SCV  
  13  0:18  Supply Depot, SCV  
  14  0:31  SCV  
  15  0:43  SCV  
  15  0:45  Barracks  
  15  0:47  Refinery  
  16  0:55  SCV  
  17  1:00  Barracks  
  17  1:07  SCV  
  18  1:20  SCV  
  19  1:32  Orbital Command  
  19  1:33  Reaper  
  20  1:49  Reaper  
  21  2:04  SCV  
  22  2:09  Reaper  
  22  2:13  Command Center  
  23  2:20  Refinery  
  23  2:33  Supply Depot  
  23  2:54  SCV  
  24  3:00  Command Center  
  24  3:13  SCV  
  24  3:19  Command Center  
  24  3:28  SCV  
  25  3:39  Bunker, Orbital Command  
  25  3:44  Marine  
  25  3:45  Marine  
  27  3:50  SCV  
  28  4:01  Factory  
  28  4:03  Barracks Tech Lab x2  
  28  4:05  Barracks Reactor  
  28  4:08  Supply Depot  
  28  4:16  SCV  
  29  4:18  SCV  
  29  4:31  Orbital Command  
  29  4:34  Marine  
  30  4:42  Marine x2  
  32  4:45  Widow Mine  
  32  4:50  Command Center  
  32  4:52  Marine  
  35  4:59  Marine  
  35  5:00  Marine  
  35  5:03  Command Center, Stimpack  
  35  5:06  SCV x2  
  38  5:25  Marine x2  
  38  5:26  Factory Reactor, Marauder  
  42  5:34  Orbital Command  
  42  5:36  Starport  
  42  5:37  Barracks  
  42  5:40  SCV x2, Barracks  
  44  5:50  Marauder, Marine x2  
  44  5:52  SCV  
  44  5:53  SCV  
  50  6:00  Starport  
  50  6:03  Widow Mine x2  
  54  6:06  SCV  
  55  6:17  Engineering Bay  
  55  6:20  SCV  
  55  6:23  Orbital Command  
  53  6:32  Widow Mine x2  
  54  6:33  SCV  
  53  6:45  Engineering Bay  
  53  6:46  SCV x2  
  54  6:49  Marine x3  
  54  6:50  Marauder  
  58  6:57  Marine  
  58  7:01  Widow Mine  
  58  7:02  Widow Mine  
  58  7:03  Starport Reactor  
  58  7:07  Marine x3  
  63  7:10  SCV  
  63  7:13  SCV  
  62  7:25  SCV  
  61  7:39  Marine  
  61  7:40  Marauder, Marine  
  61  7:42  Barracks Reactor  
  61  7:43  Barracks Reactor  
  62  7:45  Medivac x2  
  63  7:57  Marine  
  63  8:16  Missile Turret  
  63  8:17  Medivac  
  65  8:21  SCV  
  65  8:24  Planetary Fortress  
  66  8:28  Starport Reactor  
  66  8:30  SCV  
  67  8:36  Marine x4  
  67  8:38  SCV  
  67  8:39  SCV  
  73  8:43  Refinery  
  73  8:46  SCV, Orbital Command  
  74  8:54  Medivac  
  76  8:57  SCV  
  76  8:58  SCV x2  
  79  9:03  SCV  
  79  9:05  Refinery, Marine x5  
  79  9:06  Refinery  
  79  9:07  Marine x2  
  79  9:09  SCV  
  88  9:10  SCV x2  
  90  9:17  SCV  
  90  9:21  Missile Turret  
  90  9:23  Marine  
  92  9:25  Marine  
  92  9:26  Marine x2  
  92  9:27  Marauder  
  92  9:31  SCV x2  
  99  9:34  Missile Turret  
  99  9:48  Supply Depot  
  99  9:49  Supply Depot  
  99  9:50  Supply Depot  
  99  9:51  Terran Infantry Armor Level 1  
  99  10:10  SCV, Marine x4  
  104  10:14  Supply Depot  
  104  10:22  Marine x2  
  104  10:26  Marine  
  104  10:27  Marine x4  
  106  10:39  Marine  
  106  10:40  Marine  
  108  10:43  SCV  
  108  10:44  Marauder  
  108  10:45  Marine x4  
  102  10:57  Marine x2  
  102  11:03  Marine x4  
  106  11:06  SCV, Marauder  
  109  11:13  Medivac  
  109  11:14  Engineering Bay  
  109  11:15  Marine x2  
  109  11:17  Armory  
  113  11:20  SCV  
  110  11:32  SCV  
  111  11:36  Marine x5  
  111  11:37  SCV, Marauder  
  119  11:41  SCV  
  119  11:44  SCV, Marine  
  119  11:45  Terran Infantry Weapons Level 1  
  122  11:52  Supply Depot  
  122  11:53  Supply Depot, Marine  
  122  11:54  Marine  
  123  11:56  Widow Mine x2  
  123  11:58  Marauder  
  130  12:04  Missile Turret  
  127  12:11  SCV  
  127  12:13  Marine x3  
  127  12:14  Marine x3  
  129  12:24  Terran Vehicle And Ship Armor Level 1  
  129  12:35  Marine  
  129  12:36  Marine x5  
  119  12:37  Marauder  
  109  12:53  Marine x2  
  109  12:54  Marine x4  
  90  12:58  Marauder  
  79  13:11  Marine x3  
  79  13:12  Marine x3  
  78  13:19  Marine  
  76  13:29  Marine x5  
  76  13:30  Marine  
  82  13:37  Marauder  
  84  13:47  SCV, Marine x6  
  79  13:59  Marauder  
  80  14:04  Marine  
  80  14:05  Marine x5  
Show
View Real Time Build Order
Export as new Build Order

MorN Terran - Winner!

Build Orders: 1/1/1, MMM Bio 

Get SALT Encoding   

  12  0:01  SCV  
  13  0:13  SCV  
  14  0:18  Supply Depot  
  14  0:23  Refinery  
  14  0:28  SCV  
  15  0:40  SCV  
  16  0:46  Barracks  
  16  0:52  SCV  
  17  1:04  SCV  
  18  1:16  SCV  
  19  1:34  Factory  
  19  1:35  Orbital Command  
  19  1:36  Marine  
  20  1:49  Barracks  
  20  1:56  Marine  
  21  2:04  Supply Depot, SCV  
  22  2:14  Marine  
  23  2:20  Starport  
  23  2:26  Hellion  
  23  2:29  SCV  
  26  2:32  Marine  
  27  2:37  Marine  
  28  2:44  Supply Depot  
  28  2:47  Hellion  
  28  2:50  Marine  
  31  3:03  Supply Depot  
  31  3:05  SCV, Medivac  
  31  3:08  Marine  
  31  3:09  Hellion  
  37  3:14  Barracks Reactor  
  37  3:25  Marine  
  38  3:29  SCV  
  38  3:31  Hellion  
  41  3:41  Command Center  
  41  3:46  Marine  
  41  3:48  SCV  
  43  3:56  Hellion  
  43  3:59  Viking  
  47  4:15  Supply Depot  
  47  4:24  Factory Tech Lab  
  47  4:30  Supply Depot  
  47  4:32  Refinery  
  47  4:36  SCV, Marine x3  
  51  4:39  Supply Depot  
  51  4:48  SCV  
  52  4:54  Banshee, Orbital Command  
  52  4:57  Cloaking Field  
  55  5:00  SCV  
  55  5:03  Barracks Tech Lab  
  56  5:13  SCV  
  53  5:23  SCV  
  53  5:25  SCV, Marine  
  56  5:33  Engineering Bay, Marine x2  
  56  5:34  Stimpack  
  56  5:35  SCV  
  59  5:37  SCV  
  59  5:38  Factory Tech Lab  
  60  5:44  Banshee  
  60  5:47  SCV, Marine  
  60  5:49  SCV  
  66  5:50  Marine  
  66  5:53  Marine  
  68  5:59  SCV  
  69  6:05  Marine  
  69  6:11  SCV  
  71  6:13  Missile Turret x2  
  71  6:15  SCV  
  72  6:23  SCV  
  73  6:37  SCV x2  
  73  6:39  Refinery, Marine x3  
  78  6:40  Supply Depot  
  78  6:43  Barracks  
  78  6:44  Terran Infantry Weapons Level 1  
  78  6:47  Command Center  
  78  6:57  Marine x2  
  78  6:58  SCV, Marine  
  78  7:00  Medivac  
  75  7:11  SCV  
  75  7:15  Marine  
  74  7:19  SCV  
  74  7:22  Refinery  
  72  7:30  SCV  
  72  7:31  Marine x3  
  72  7:32  Marine  
  75  7:43  SCV x2  
  71  7:47  Barracks  
  71  7:49  Supply Depot  
  71  7:50  Marine  
  77  7:57  Siege Tank  
  76  8:00  Barracks Reactor  
  76  8:02  Barracks Reactor, Orbital Command  
  76  8:03  SCV  
  76  8:05  Supply Depot  
  76  8:07  Marine  
  74  8:13  SCV  
  74  8:17  Medivac x2  
  74  8:18  Combat Shields  
  79  8:22  SCV  
  79  8:25  SCV, Marine  
  79  8:26  Supply Depot  
  82  8:30  Barracks x2  
  82  8:31  Siege Tank  
  85  8:38  Terran Infantry Armor Level 1, Barracks  
  85  8:40  Marine x4  
  89  8:43  Marine  
  89  8:44  Orbital Command  
  90  8:57  Marine  
  90  8:58  Marine  
  90  9:02  Marine x3  
  92  9:03  Siege Tank, Medivac x2  
  92  9:05  SCV x2  
  92  9:09  Supply Depot  
  104  9:11  SCV  
  104  9:14  Supply Depot  
  104  9:15  Marine x2  
  104  9:17  Sensor Tower  
  107  9:20  SCV x2, Marine x2  
  110  9:24  Marine x2  
  110  9:27  Barracks Reactor  
  110  9:28  SCV  
  113  9:33  Refinery, Marine x2  
  113  9:38  Marine x2  
  115  9:42  Siege Tank, Marine x2  
  120  9:56  SCV x2  
  120  9:57  SCV  
  123  10:07  Marine  
  123  10:08  SCV, Marine x7  
  132  10:14  Barracks  
  132  10:15  Barracks x2  
  132  10:17  Siege Tank, Medivac x2  
  139  10:23  Engineering Bay  
  139  10:24  Armory  
  139  10:25  Marine x2  
  139  10:26  Marine x2  
  124  11:01  Marine x4  
  124  11:02  Marine x5  
  124  11:03  Barracks Reactor  
  124  11:04  Barracks Reactor  
  124  11:05  SCV x2  
  126  11:19  Marine x9  
  126  11:25  Siege Tank, Medivac x2  
  138  11:31  SCV  
  143  11:36  Marine x2  
  143  11:37  Marine x4  
  143  11:39  Engineering Bay  
  149  11:42  Armory  
  149  11:43  Refinery  
  149  11:46  Refinery  
  149  11:47  Refinery  
  149  12:07  Marine x3  
  149  12:09  Marine x3  
  149  12:12  Siege Tank, Marine x3  
  149  12:13  Marine x2  
  149  12:15  Marine  
  149  12:16  Marine  
  148  12:25  Marine  
  149  12:34  Marine  
  149  12:36  Marine, Marauder x2  
  149  12:37  Marine x5  
  145  12:41  Orbital Command  
  145  12:43  Medivac, Marine x3  
  145  12:44  Medivac  
  139  12:47  Marine  
  139  12:49  Refinery x2, Sensor Tower  
  139  12:50  Missile Turret  
  140  12:56  Marine x6  
  140  12:57  Marauder x2  
  136  13:02  Marine x4  
  136  13:05  Marine  
  139  13:10  Siege Tank  
  135  13:13  Marine  
  135  13:14  Marine x5  
  135  13:18  Marauder, Marine  
  144  13:20  Marine x4  
  144  13:23  Marine  
  149  13:39  Marine  
  149  13:49  Marine  
  149  13:53  Supply Depot  
  149  13:54  Supply Depot  
  149  13:56  Supply Depot  
  149  13:58  Marine  
  149  14:01  Marine x2  
  149  14:02  Marine  
  149  14:08  Marine x2  
  149  14:09  Marine  
  149  14:10  Marine x2  
Tags
 
Composition
MMM Bio
Matchup
TvT
Opening
1/1/1
Race
Terran
Replay Pack
MorN pack 1
Add a new tag
Caveats
  • Supply blocks, unpowered buildings, or Contaminate may cause inaccurate times.
  • Supply counts are checked every 10 seconds.